 Dungeon Crawl Stone Soup version 0.27.1-2-g3b301248ec (webtiles) character file.

Game seed: 10991242774939631762

53 Crownlay the Digger (level 3, 0/19 HPs)
             Began as a Gargoyle Earth Elementalist on Sept 30, 2021.
             Killed from afar by Natasha (9 damage)
             ... with a puff of flame
             ... on level 2 of the Dungeon.
             The game lasted 00:01:27 (1646 turns).

Crownlay the Digger (Gargoyle Earth Elementalist)   Turns: 1646, Time: 00:01:28

Health: 0/19       AC:  5    Str: 11    XL:     3   Next: 87%
Magic:  6/6        EV: 11    Int: 16    God:
Gold:   54         SH:  0    Dex: 10    Spells: 5/6 levels left

rFire    . . .     SeeInvis .   k - +0 flail
rCold    . . .     Faith    .   (no shield)
rNeg     + . .     Spirit   .   b - +0 robe
rPois    ∞         Reflect  .   (no helmet)
rElec    +         Harm     .   (no cloak)
rCorr    .         Rampage  .   (no gloves)
Will     .....                  (no boots)
Stlth    ++........             (no amulet)
HPRegen  0.06/turn              (no ring)
MPRegen  0.10/turn              (no ring)

@: no status effects
A: sickness immunity, AC +3, negative energy resistance 1, electricity
resistance, torment resistance 1, petrification resistance
a: no special abilities


You were on level 2 of the Dungeon.
You visited 1 branch of the dungeon, and saw 2 of its levels.

You collected 54 gold pieces.

Inventory:

Hand Weapons
 k - a +0 flail (weapon)
Armour
 b - a +0 robe (worn)
Jewellery
 e - a ring of fire
Scrolls
 a - 3 scrolls of fear {unknown}
 f - a scroll of identify {unknown}
 h - a scroll of enchant weapon {unknown}
 i - a scroll of magic mapping {unknown}
 j - a scroll of immolation {unknown}
Potions
 c - a potion of curing {unknown}
 d - 2 potions of attraction {unknown}
 g - 2 potions of haste {unknown}


   Skills:
 - Level 1.5 Dodging
 - Level 2.1 Stealth
 - Level 2.0 Spellcasting
 - Level 0.7 Transmutations
 + Level 5.6 Earth Magic


You had 5 spell levels left.
You knew the following spells:

 Your Spells              Type           Power      Damage    Failure   Level
a - Sandblast             Erth           38%        2d10      1%          1

Your spell library contained the following spells:

 Spells                   Type           Power      Damage    Failure   Level
 Passwall                 Tmut/Erth      9%         N/A       9%          2
 Stone Arrow              Conj/Erth      20%        3d8       19%         3
 Petrify                  Tmut/Erth      11%        N/A       50%         4


Dungeon Overview and Level Annotations

Branches:
Dungeon (2/15)

Altars:

Annotations:
D:2 Natasha


Innate Abilities, Weirdness & Mutations

You are immune to sickness and miasma.
Your stone body is resilient. (AC +3)
You are immune to poison.
You resist negative energy. (rN+)
You are resistant to electric shocks. (rElec)
You are resistant to unholy torment.
You are immune to petrification.


Message History

A frilled lizard is nearby!
The blast of sand hits the frilled lizard!
You kill the frilled lizard!
You now have no stones remaining.
You can't see any susceptible monsters within range! (Use Z to cast anyway.) No target in view!
You can't see any susceptible monsters within range! (Use Z to cast anyway.)
You can't see any susceptible monsters within range! (Use Z to cast anyway.)
c - a sedimented ruby potion
Found an escape hatch in the floor.
There is an escape hatch in the floor here.
You see here a +0 dagger.
Found 15 gold pieces.
Natasha, Servant of Life and Death comes into view.
She is carrying a wand of flame (26).
There is a stone staircase leading down here.
Natasha is nearby!
Natasha mumbles some strange words.
Natasha shimmers violently.
A frilled lizard comes into view.
Natasha zaps a wand.
The puff of flame hits you.
You don't have any stones to cast with.
You don't have any stones to cast with.
You don't have any stones to cast with.
You don't have any stones to cast with.
You don't have any stones to cast with.
There is a stone staircase leading down here.
You hit Natasha but do no damage. Natasha barely misses you.
Natasha mumbles some strange words.
Natasha stares at you and mumbles some strange words.
The magic dart hits you.
You see here a +0 flail.
k - a +0 flail Natasha casts a spell.
k - a +0 flail (weapon)
Natasha casts a spell at you. You resist with significant effort.
Natasha mumbles some strange words.
Natasha shimmers violently.
Natasha zaps a wand.
The puff of flame hits you!
You die...

#.$...#........
#.....#........
#.....#######.#
#.#.# #.#
#.#.#########.#
#####.#...........#
#...h>.............
#....5....#######.#
#.@5......# #..
#.........# #..
#..^......# #..
#.........#######..
#.........#........
#..................
#................#.
###..............#.
#.######.#####.#.


You could see Natasha and 2 crimson imps.

Vanquished Creatures
  A gnoll (D:1)
  2 adders (D:2)
  A worm (D:2)
  A dart slug (D:1)
  A bat (D:2)
  4 endoplasms (D:1)
  4 jackals (D:2)
  3 ball pythons
  A frilled lizard (D:2)
  3 kobolds
  A rat (D:2)
22 creatures vanquished.

Notes
Turn   | Place    | Note
-------+----------+-------------------------------------------
     0 | D:1      | Crownlay the Gargoyle Earth Elementalist began the quest
                  | for the Orb.
     0 | D:1      | Reached XP level 1. HP: 10/10 MP: 3/3
    82 | D:1      | Reached skill level 4 in Earth Magic
   243 | D:1      | Reached XP level 2. HP: 15/15 MP: 3/5
   495 | D:1      | Found a faded altar of an unknown god.
  1126 | D:2      | Reached skill level 5 in Earth Magic
  1126 | D:2      | Reached XP level 3. HP: 19/19 MP: 1/6
  1633 | D:2      | Noticed Natasha
  1646 | D:2      | Killed from afar by Natasha

Illustrated notes

Levels and vault maps discovered:
D:1:      eino_arrival_cavern_a, layout_basic, shapermc_ecumenical_altar_venn
D:2:      layout_basic, minmay_misc_feat_tower, uniq_natasha

Skill      XL: |  1  2 |
---------------+-------+-----
Earth Magic    | 4 5 |  5.6
Dodging        | |  1.5
Stealth        | |  2.1
Spellcasting   | |  2.0
Transmutations | |  0.7

Action                   || total
-------------------------++-------
Melee: Unarmed           ||     3
 Cast: Sandblast         ||    31
Armor: Robe              ||     5
Dodge: Dodged            ||     5
